 Dungeon Sprint DCSS version 0.31-a0-819-gf6de2f5ab6 (webtiles) character file.

Game seed: 15409678593682514059

4235 sircluck the Grappler (level 10, -13/172 HPs)
             Began as a Troll Berserker on Sept 23, 2023.
             Was the Champion of Trog.
             Mangled by an orc knight
             ... wielding a +0 great mace
              (20 damage)
             ... in the Dungeon (Sprint VII: "The Pits").
             The game lasted 00:02:25 (735 turns).

sircluck the Grappler (Troll Berserker)              Turns: 735, Time: 00:02:26

Health: -13/172    AC:  4    Str: 31    XL:     10   Next: 9%
Magic:  9/9        EV: 15    Int:  3    God:    Trog [******]
Gold:   0          SH:  0    Dex: 15    Spells: 9/9 levels left

rFire   . .          .
                       - Unarmed
rCold   . . .        (no shield)
rNeg    . . .        a - +0 animal skin
rPois   .            (helmet restricted)
rElec   .            (no cloak)
rCorr   .            (gloves unavailable)
SInv    .            (boots unavailable)
Will    .....        (no amulet) Stlth
                     l - +3 ring of dexterity
HPRegen 1.28/turn    m - +3 ring of dexterity
MPRegen 0.11/turn

%: no teleportation
@: berserking, lethally poisoned (-13 -> -14), slowed
A: large, unfitting armour, claws 3, regeneration 1, shaggy fur 1, tough skin 1
a: Renounce Religion, Berserk, Trog's Hand, Brothers in Arms


You were in the Dungeon.
You worshipped Trog.
Trog was exalted by your worship.
You visited 1 branch

Inventory:

Missiles
 k - 4 large rocks
Armour
 a - a +0 animal skin (worn)
Jewellery
 l - a +3 ring of dexterity (left claw)
 m - a +3 ring of dexterity (right claw)
Scrolls
 g - a scroll of blinking
 i - 2 scrolls of vulnerability
 j - a scroll of summoning
Potions
 b - 7 potions of curing
 c - 8 potions of heal wounds
 d - 2 potions of haste
 e - 4 potions of magic
 f - 3 potions of berserk rage
 h - 2 potions of invisibility
 n - a potion of mutation


   Skills:
 + Level 12.1 Fighting
 + Level 11.9 Dodging
 + Level 14.0 Unarmed Combat


You had 9 spell levels left.
You didn't know any spells.
Your spell library was empty.

Dungeon Overview and Level Annotations

Branches:
Dungeon (1/1)

Altars:
Ashenzari
Cheibriados
Dithmenos
Elyvilon
Fedhas
Gozag
Hepliaklqana
Kikubaaqudgha
Makhleb
Nemelex Xobeh
Okawaru
Qazlal
Ru
Sif Muna
Trog
Uskayaw
Vehumet
Wu Jian
Xom
Yredelemnul
Zin
The Shining One
Jiyva
Lugonu


Innate Abilities, Weirdness & Mutations

You are too large for most types of armour.
You have claws for hands.
Your natural rate of healing is unusually fast.
You are covered in fur. (AC +1)
You have tough skin. (AC +1)


Message History

The orc knight misses you.
Your iron troll completely misses the orc warrior.
Your iron troll closely misses the orc warrior.
Your iron troll claws the orc warrior.
The warg barely misses your iron troll.
The orc warrior barely misses your iron troll.
You barely miss the hornet.
The hornet is severely wounded.
You feel very sick. The hornet barely misses you.
The orc knight barely misses you.
The orc warrior hits your iron troll with a +0 dire flail!
The warg barely misses your iron troll.
Your iron troll bites the orc warrior.
Your iron troll claws the orc warrior!
Your iron troll barely misses the orc warrior.
You mangle the hornet!!
You feel the power of Trog in you as your rage grows.
You kill the hornet!
Trog accepts your kill.
You feel very sick.
The orc warrior hits your iron troll with a +0 battleaxe.
The warg barely misses your iron troll.
The orc warrior hits your iron troll but does no damage.
The orc knight hits you with a +0 great mace!!
* * * LOW HITPOINT WARNING * * *
Your Fighting skill increases to level 12!
Your Unarmed Combat skill increases to level 14!
Unknown command.
Unknown command.
Unknown command.
Unknown command.
You closely miss the orc knight.
You feel sick.
Your iron troll bites the orc warrior!
Your iron troll claws the orc warrior!
The orc warrior dies!
Trog accepts your kill. The warg bites your iron troll!
You mangle the orc knight!! You claw the orc knight!!
The orc knight is almost dead.
You feel sick.
The orc warrior hits your iron troll with a +0 dire flail!!
The orc knight hits you with a +0 great mace!!
You die...

########################
.................o)h....
................@)To....
############++##########


You could see an orc knight, a warg (ally target), an orc warrior (strong) and a
friendly iron troll (summoned, berserk).

Vanquished Creatures
  An anaconda (D)
  A sixfirhy (D)
  An orc knight (D)
  A cyclops (D)
  An elephant (D)
  A hellwing (D)
  A hornet (D)
  A spriggan (D)
  A ynoxinul (D)
  A wyvern (D)
  2 redbacks (D)
  A warg (D)
  3 floating eyes (D)
  An orc warrior (D)
  An ogre (D)
  A wolf (D)
  A crimson imp (D)
  A quasit (D)
  2 orc priests (D)
  A hell rat (D)
  A gnoll (D)
  A white imp (D)
  4 orcs (D)
  2 endoplasms (D)
  2 goblins (D)
  2 jackals (D)
  2 ball pythons (D)
  A bat (D)
  2 kobolds (D)
41 creatures vanquished.

Vanquished Creatures (collateral kills)
  An orc warrior (D)
  An orc (D)
2 creatures vanquished.

Grand Total: 43 creatures vanquished

Notes
Turn   | Place    | Note
-------+----------+-------------------------------------------
     0 | D        | sircluck the Troll Berserker began the quest for the Orb.
     0 | D        | Reached XP level 1. HP: 22/22 MP: 0/0
    11 | D        | Noticed a redback
    11 | D        | Noticed a hellwing
    18 | D        | Killed a redback
    19 | D        | Reached skill level 5 in Fighting
    19 | D        | Reached skill level 5 in Dodging
    19 | D        | Reached skill level 6 in Unarmed Combat
    19 | D        | Reached XP level 2. HP: 25/35 MP: 1/1
    19 | D        | Reached XP level 3. HP: 30/42 MP: 2/2
    19 | D        | Reached XP level 4. HP: 36/50 MP: 3/3
    23 | D        | Killed a hellwing
    24 | D        | Reached skill level 8 in Unarmed Combat
    24 | D        | Reached XP level 5. HP: 29/61 MP: 4/4
    24 | D        | Reached XP level 6. HP: 33/68 MP: 5/5
    80 | D        | Noticed a redback
    91 | D        | Killed a redback
    91 | D        | Reached ** piety under Trog
   106 | D        | Reached skill level 9 in Unarmed Combat
   165 | D        | Found a bloodstained altar of Trog.
   165 | D        | Found a shimmering blue altar of Sif Muna.
   165 | D        | Found a viscous altar of Jiyva.
   165 | D        | Found a hazy altar of Hepliaklqana.
   165 | D        | Found an opulent altar of Gozag.
   166 | D        | Found a glowing golden altar of the Shining One.
   166 | D        | Found a glowing silver altar of Zin.
   166 | D        | Found a basalt altar of Yredelemnul.
   166 | D        | Found a shimmering altar of Xom.
   166 | D        | Found an ornate altar of the Wu Jian Council.
   166 | D        | Found a sacrificial altar of Ru.
   166 | D        | Found a stormy altar of Qazlal.
   166 | D        | Found an iron altar of Okawaru.
   166 | D        | Found a sparkling altar of Nemelex Xobeh.
   166 | D        | Found a burning altar of Makhleb.
   166 | D        | Found a blossoming altar of Fedhas.
   166 | D        | Found a white marble altar of Elyvilon.
   166 | D        | Found a shadowy altar of Dithmenos.
   166 | D        | Found a snail-covered altar of Cheibriados.
   170 | D        | Found a corrupted altar of Lugonu.
   170 | D        | Found a radiant altar of Vehumet.
   171 | D        | Found a broken altar of Ashenzari.
   171 | D        | Found an ancient bone altar of Kikubaaqudgha.
   171 | D        | Found a hide-covered altar of Uskayaw.
   212 | D        | Reached *** piety under Trog
   218 | D        | Noticed a floating eye
   220 | D        | Killed a floating eye
   221 | D        | Reached XP level 7. HP: 79/79 MP: 6/6
   225 | D        | Reached **** piety under Trog
   234 | D        | Paralysed by a floating eye for 3 turns
   240 | D        | Reached skill level 10 in Unarmed Combat
   241 | D        | Reached ***** piety under Trog
   331 | D        | Reached XP level 8. HP: 56/92 MP: 7/7
   356 | D        | Received a gift from Trog
   428 | D        | Noticed an orc knight
   439 | D        | Killed an orc knight
   440 | D        | Reached skill level 11 in Unarmed Combat
   493 | D        | Reached ****** piety under Trog
   494 | D        | Noticed a cyclops
   494 | D        | Noticed an elephant
   502 | D        | Killed an elephant
   502 | D        | Received a gift from Trog
   503 | D        | Reached skill level 10 in Fighting
   503 | D        | Reached skill level 10 in Dodging
   503 | D        | Reached skill level 12 in Unarmed Combat
   505 | D        | Killed a cyclops
   506 | D        | Reached XP level 9. HP: 68/102 MP: 8/8
   639 | D        | Noticed an anaconda
   639 | D        | Noticed a sixfirhy
   646 | D        | Killed a sixfirhy
   647 | D        | Reached skill level 13 in Unarmed Combat
   653 | D        | Killed an anaconda
   653 | D        | Received a gift from Trog
   723 | D        | Noticed a spriggan rider
   724 | D        | Noticed an orc knight
   729 | D        | Reached XP level 10. HP: 58/115 MP: 9/9
   734 | D        | Reached skill level 14 in Unarmed Combat
   734 | D        | HP: 8/172 [poisoned by a hornet]
   735 | D        | Mangled by an orc knight

Illustrated notes

Levels and vault maps discovered:
D:        pitsprint [storerooms_1, entrance_room_1, metal_vault_4, armoury_3,
          mini_pit_1, grid_room_1, main_hall_1, silver_pit, the_coven_3,
          the_vestibule_1, steel_vault_4, golden_pit, hallway_of_sentries,
          crystal_vault_5, iron_vault_4, final_vault]

Skill      XL: |  1  2  3  4  5  6  7  8  9 10 |
---------------+-------------------------------+-----
Fighting       | 5 6 7 9 10 11 12 | 12.1
Dodging        | 5 6 7 8 10 11 | 11.9
Unarmed Combat | 6 8 9 10 12 13 14 | 14.0

Action                     |  1- 3 |  4- 6 |  7- 9 | 10-12 || total
---------------------------+-------+-------+-------+-------++-------
  Melee: Unarmed           |     2 |    17 |    96 |     5 ||   120
         Punch             |       |       |     3 |     1 ||     4
 Invoke: Berserk           |     1 |       |     1 |     1 ||     3
         Brothers in Arms  |       |       |       |     1 ||     1
 Armour: Animal skin       |     2 |     9 |    59 |     6 ||    76
  Dodge: Dodged            |     1 |     2 |    55 |     5 ||    63

Table legend: (Time is in decaauts)
 A = Elapsed time spent in this place.
 B = Non-inter-level travel time spent in this place.
 C = Inter-level travel time spent in this place.
 D = Time resting spent in this place.
 E = Time spent auto-exploring this place.
 F = Levels seen in this place.
 G = Mean time per level.
                   A        B        C        D        E       F      G
               +--------+--------+--------+--------+--------+-----+--------+
         Total |    728 |    666 |     62 |    144 |    165 |   1 |  728.0 |
       Dungeon |    728 |    666 |     62 |    144 |    165 |   1 |  728.0 |
               +--------+--------+--------+--------+--------+-----+--------+

Top non-repeatable levels by time:
       D: 728 daAuts
